 Dungeon Crawl Stone Soup version 0.25.0-9-g26727b657a (webtiles) character file.

Game seed: 2827271370360343101

2160 Boltersam the Grappler (level 9, -2/84 HPs)
             Began as a Troll Monk on June 19, 2020.
             Was a Priest of Fedhas.
             Killed by divine providence
             ... invoked by an orc priest
              (12 damage)
             ... on level 6 of the Dungeon.
             The game lasted 00:14:24 (4606 turns).

Boltersam the Grappler (Troll Monk)                 Turns: 4606, Time: 00:14:24

Health: -2/84      AC:  7    Str: 24    XL:     9   Next: 10%
Magic:  3/8        EV: 12    Int:  6    God:    Fedhas [***...]
Gold:   273        SH:  0    Dex: 12    Spells: 8/8 levels left

rFire    . . .     SeeInvis .     - Unarmed
rCold    . . .     Gourm    +   (no shield)
rNeg     + . .     Faith    .   a - +0 robe
rPois    .         Spirit   .   (helmet restricted)
rElec    .         Reflect  .   t - +0 cloak
rCorr    .         Harm     .   (gloves unavailable)
MR       .....                  (boots unavailable)
Stlth    +.........             (no amulet)
HPRegen  0.64/turn              y - ring of attention (curse)
MPRegen  0.11/turn              z - ring of positive energy

@: studying Earth Magic
A: large, unfitting armour, claws 3, fast metabolism 3, gourmand, regeneration
1, shaggy fur 1, tough skin 3
a: Wall of Briars, Grow Ballistomycete, Renounce Religion


You were on level 6 of the Dungeon.
You worshipped Fedhas.
Fedhas was most pleased with you.
You were completely stuffed.

You visited 1 branch of the dungeon, and saw 6 of its levels.

You collected 273 gold pieces.

Inventory:

Armour
 a - a +0 robe (worn)
 c - a +0 cloak
 l - a +0 robe
 t - a +0 cloak (worn)
Jewellery
 y - a cursed ring of attention (left claw)
 z - a ring of positive energy (right claw)
Wands
 r - a wand of random effects (16)
 w - a wand of flame (19)
Scrolls
 d - 2 scrolls of amnesia {unknown}
 f - 2 scrolls of enchant armour {unknown}
 g - 2 scrolls of fog
 i - a scroll of magic mapping {unknown}
 j - a scroll of random uselessness
 m - 5 scrolls of identify
 q - 5 scrolls of remove curse
 s - a scroll of immolation {unknown}
 u - 3 scrolls of fear {unknown}
 A - 2 scrolls of teleportation {unknown}
 D - a scroll of vulnerability {unknown}
Potions
 e - 2 potions of magic {unknown}
 h - 2 potions of flight {unknown}
 k - 2 potions of stabbing {unknown}
 n - 2 potions of degeneration {unknown}
 o - 2 potions of heal wounds {unknown}
 p - 5 potions of curing {unknown}
 v - a potion of brilliance {unknown}
 x - a potion of resistance {unknown}
 B - 2 potions of lignification {unknown}
Books
 C - a manual of Earth Magic
Comestibles
 b - 14 rations
 E - 2 chunks of flesh


   Skills:
 + Level 3.9 Fighting
 + Level 4.9 Dodging
 + Level 2.4 Stealth
 + Level 9.8 Unarmed Combat
 + Level 1.2 Invocations


You had 8 spell levels left.
You didn't know any spells.
Your spell library contained the following spells:

 Spells                   Type           Power        Failure   Level  Hunger
 Confusing Touch          Hex            #.......     83%         3    ####...
 Gell's Gravitas          Tloc           #.........   83%         3    ####...
 Petrify                  Tmut/Erth      #.......     99%         4    #####..
 Metabolic Englaciation   Hex/Ice        #.........   100%        5    ######.
 Yara's Violent Unravell  Hex/Tmut       #.........   100%        5    ######.


Dungeon Overview and Level Annotations

Branches:
Dungeon (6/15)             Temple (0/1) D:4

Altars:
Cheibriados
Elyvilon
Fedhas
Gozag
Nemelex Xobeh
Sif Muna


Innate Abilities, Weirdness & Mutations

You are too large for most types of armour.
You have claws for hands.
Your metabolism is lightning-fast.
You like to eat raw meat.
Your natural rate of healing is unusually fast.
You are covered in fur. (AC +1)
You have extremely tough skin. (AC +3)


Message History

A briar patch grows up from the ground. x3; You feel slightly less full.
You can no longer transform dungeon walls and trees into plant allies.
The orc priest looks encouraged for a moment.
The orc priest hits your briar patch but does no damage.
The orc hits your briar patch but does no damage.
The hound completely misses your briar patch.
The orc priest hits your briar patch but does no damage.
The orc is struck by your briar patch's thorns.
The orc dies!
Fedhas accepts your kill.
The hound is struck by your briar patch's thorns.
The hound bites your briar patch but does no damage.
The orc priest hits your briar patch but does no damage. x2
The hound is struck by your briar patch's thorns.
The hound dies!
Fedhas accepts your kill.
The orc priest mumbles some strange prayers to Beogh against you.
Beogh smites you!
You die...
Fedhas appreciates your contribution to the ecosystem.

....#........# ...#
....#......<. ...#
....#.......# ....##
....#.......##.....#
....#......o.......#
....#.)....o.h....#
....'.......##o...#
....#.......#######
....#........ooP@P#
....#........PPPPP#
....#...........o.#
....#.............#
###################


You could see 2 orc priests and an orc.

Vanquished Creatures
  3 phantoms
  4 ogres
  3 centaurs
  2 bullfrogs (D:6)
  2 scorpions
  A bullfrog zombie (D:6)
  4 crimson imps (D:5)
  A hound (D:5)
  2 jellies (D:5)
  3 orc priests
  2 orc wizards
  Ijyb (D:3)
  2 iguanas
  Natasha (thrice) (D:3)
  3 worker ants
  A worker ant zombie (D:5)
  3 gnolls (D:4)
  4 adders
  An adder zombie (D:5)
  2 oozes (D:2)
  An adder skeleton (D:4)
  3 worms
  2 leopard geckos (D:3)
  15 orcs
  5 giant cockroaches
  8 goblins
  8 hobgoblins
  11 jackals
  5 kobolds
  5 quokkas
  8 bats
  A frilled lizard (D:2)
  2 jackal skeletons
  A jackal zombie (D:5)
  10 rats
132 creatures vanquished.

Vanquished Creatures (collateral kills)
  Sigmund (D:3)
  Eustachio (D:5)
  An orc warrior (D:6)
  A hound (D:6)
  4 gnolls (D:4)
  An orc (D:6)
  A goblin (D:3)
  5 ballistomycete spores (D:4)
15 creatures vanquished.

Vanquished Creatures (others)
  A fungus (D:4)
1 creature vanquished.

Grand Total: 148 creatures vanquished

Notes
Turn   | Place    | Note
-------+----------+-------------------------------------------
     0 | D:1      | Boltersam the Troll Monk began the quest for the Orb.
     0 | D:1      | Reached XP level 1. HP: 22/22 MP: 0/0
   179 | D:1      | Reached XP level 2. HP: 29/29 MP: 1/1
   786 | D:2      | Reached XP level 3. HP: 36/36 MP: 2/2
   806 | D:2      | Found a blossoming altar of Fedhas.
   838 | D:2      | Became a worshipper of Fedhas Madash
   838 | D:2      | Reached * piety under Fedhas
   838 | D:2      | Reached ** piety under Fedhas
  1058 | D:2      | Found an opulent altar of Gozag.
  1192 | D:2      | Reached XP level 4. HP: 44/44 MP: 3/3
  1672 | D:3      | Noticed a centaur
  1674 | D:3      | Noticed Natasha
  1680 | D:3      | Killed a centaur
  1680 | D:3      | Reached skill level 4 in Unarmed Combat
  1680 | D:3      | Reached XP level 5. HP: 51/53 MP: 4/4
  1685 | D:3      | Killed Natasha
  1799 | D:3      | Noticed Sigmund
  1808 | D:3      | Killed Sigmund
  1808 | D:3      | Reached skill level 5 in Unarmed Combat
  1808 | D:3      | Reached XP level 6. HP: 61/61 MP: 1/5
  1869 | D:3      | Noticed Natasha
  1876 | D:3      | Killed Natasha
  2003 | D:3      | Noticed Natasha
  2011 | D:3      | Killed Natasha
  2145 | D:3      | Noticed Ijyb
  2154 | D:3      | Killed Ijyb
  2250 | D:3      | Reached *** piety under Fedhas
  2367 | D:4      | Reached skill level 6 in Unarmed Combat
  2437 | D:4      | Reached XP level 7. HP: 67/67 MP: 6/6
  2780 | D:4      | Found a white marble altar of Elyvilon.
  2860 | D:4      | Found a staircase to the Ecumenical Temple.
  3253 | D:5      | Entered Level 5 of the Dungeon
  3253 | D:5      | Found a snail-covered altar of Cheibriados.
  3253 | D:5      | Found a shimmering blue altar of Sif Muna.
  3264 | D:5      | Reached skill level 7 in Unarmed Combat
  3351 | D:5      | Reached XP level 8. HP: 37/75 MP: 7/7
  3497 | D:5      | Noticed Eustachio
  3514 | D:5      | Killed Eustachio
  3522 | D:5      | Reached skill level 8 in Unarmed Combat
  3522 | D:5      | Reached skill level 1 in Invocations
  3869 | D:5      | Found a sparkling altar of Nemelex Xobeh.
  3966 | D:5      | Reached **** piety under Fedhas
  3966 | D:5      | Reached skill level 9 in Unarmed Combat
  4525 | D:6      | Reached XP level 9. HP: 84/84 MP: 8/8
  4606 | D:6      | Killed from afar by an orc priest

Illustrated notes

Levels and vault maps discovered:
D:1:      dpeg_arrival_rhombi, layout_basic
D:2:      layout_loops_ring, marbit_many_paths, fedhas_altar_2
D:3:      layout_basic, uniq_ijyb, uniq_sigmund, uniq_natasha
D:4:      layout_basic, elyvilon_altar_1, minmay_temple_entry_antechambers,
          minmay_misc_feat_ornament
D:5:      layout_basic, nemelex_altar_shiori,
          chequers_temple_overflow_statue_of_worship, first_ration,
          grunt_ministairs_11, minmay_manual_mess, uniq_eustachio
D:6:      layout_gridville, sigmund_army

Skill      XL: |  1  2  3  4  5  6  7  8 |
---------------+-------------------------+-----
Dodging        | 3 4 |  4.9
Fighting       | 3 |  3.9
Unarmed Combat | 4 5 6 7 9 |  9.8
Invocations    | 1 |  1.2
Stealth        | 2 |  2.4

Action                   |  1- 3 |  4- 6 |  7- 9 || total
-------------------------+-------+-------+-------++-------
Melee: Unarmed           |   112 |   117 |   163 ||   392
       Punch             |       |       |    10 ||    10
Invok: Wall of Briars    |       |     1 |     4 ||     5
       Grow Ballistomyce |       |       |     1 ||     1
  Use: Scroll            |       |     3 |       ||     3
 Stab: Sleeping          |     1 |     3 |       ||     4
  Eat: Chunk             |    16 |    12 |    20 ||    48
Armor: Robe              |    50 |    47 |    53 ||   150
Dodge: Dodged            |    55 |    87 |    90 ||   232
